 Dungeon Crawl Stone Soup version 0.31-a0-175-g9f7f995f2b (webtiles) character file.

Game seed: 6890555586581981926

2748 qw the Skirmisher (level 9, -11/85 HPs)
             Began as a Naga Hunter on June 16, 2023.
             Was an Initiate of Okawaru.
             Mangled by a two-headed ogre
             ... wielding a +0 giant club
              (22 damage)
             ... on level 8 of the Dungeon.
             The game lasted 00:02:24 (5592 turns).

qw the Skirmisher (Naga Hunter)                     Turns: 5592, Time: 00:02:24

Health: -11/85     AC:  9    Str: 20    XL:     9   Next: 68%
Magic:  9/9        EV: 11    Int:  9    God:    Okawaru [......]
Gold:   310        SH:  0    Dex: 19    Spells: 8/8 levels left

rFire   + . .        Y - +3 shortbow
rCold   . . .        (shield currently unavailable)
rNeg    . . .        g - +2 robe {rF+}
rPois   +            i - +1 helmet
rElec   .            k - +0 cloak
rCorr   .            (no gloves)
SInv    +            (no barding)
Will    +....        d - amulet of regeneration
Stlth   ++           e - +6 ring of strength
HPRegen 1.14/turn    (no ring)
MPRegen 0.11/turn

%: no passive effects
@: short of breath, very slow
A: AC +3, large, see invisible, deformed body, poison resistance, slowness 2,
spit poison 1, naga tail 1
a: Spit Poison, Renounce Religion


You were on level 8 of the Dungeon.
You worshipped Okawaru.
Okawaru was noncommittal.
You visited 2 branches of the dungeon, and saw 9 of its levels.
You also visited: Sewer.

You collected 310 gold pieces.


Innate Abilities, Weirdness & Mutations

Your serpentine skin is tough. (AC +3)
You have supernaturally acute eyesight. (SInv)
Armour fits poorly on your strangely shaped body.
Your system is resistant to poisons. (rPois)
You cover ground very slowly.
You can spit poison.
You have a snake-like lower body.


   Skills:
 + Level 6.8 Fighting
 - Level 10.2 Ranged Weapons
 - Level 1.0 Armour
 - Level 3.4 Dodging
 - Level 1.5 Stealth


You had 8 spell levels left.
You didn't know any spells.
Your spell library was empty.

Inventory:

Hand Weapons
 Y - a +3 shortbow (weapon)
Armour
 g - a +2 robe of fire resistance (worn)
 i - a +1 helmet (worn)
 k - a +0 cloak (worn)
Jewellery
 d - an amulet of regeneration (around neck)
 e - a +6 ring of strength (left hand)
Scrolls
 a - 4 scrolls of teleportation
 m - a scroll of identify
Potions
 b - 2 potions of curing
 c - a potion of invisibility {unknown}
 f - a potion of cancellation {unknown}
 h - 3 potions of heal wounds
 j - a potion of degeneration {unknown}
 l - a potion of attraction {unknown}
 n - a potion of might {unknown}

Dungeon Overview and Level Annotations

Branches:
Dungeon (8/15)             Temple (1/1) D:4           Sewer (visited)
   Lair: D:8-11

Altars:
Ashenzari
Cheibriados
Dithmenos
Fedhas
Gozag
Hepliaklqana
Kikubaaqudgha
Makhleb
Okawaru
Qazlal
Ru
Sif Muna
Trog
Uskayaw
Vehumet
Wu Jian
Xom
Yredelemnul
Zin
The Shining One

Annotations:
D:2 exclusion: 4 gnolls


Message History

You shoot an arrow. The arrow hits the kobold brigand!
The kobold brigand is almost dead.
You have got your breath back.
The kobold brigand hits you with a +0 whip.
5586 ||| INVOKING Spit Poison.
Aiming: Spit Poison (1% risk of failure)
Press: ? - help, Shift-Dir - straight line, f/p - kobold brigand The splash of poison hits the kobold brigand!
The kobold brigand is poisoned.
You kill the kobold brigand!
Okawaru accepts your kill.
Your life force feels restored.
Your Armour skill increases to level 1!
You shoot an arrow. The arrow hits the kobold.
You kill the kobold!
You shoot an arrow. The arrow hits the kobold.
You kill the kobold!
Okawaru accepts your kill.
You shoot an arrow. The arrow hits the two-headed ogre!
The two-headed ogre is lightly wounded.
The two-headed ogre hits you with a +0 giant club!
The two-headed ogre hits you with a +0 giant spiked club.
You shoot an arrow. The arrow hits the two-headed ogre.
The two-headed ogre is moderately wounded.
You have got your breath back.
5591 ||| INVOKING Spit Poison.
Aiming: Spit Poison (1% risk of failure)
Press: ? - help, Shift-Dir - straight line, f/p - two-headed ogre You fail to use your ability.
The two-headed ogre hits you with a +0 giant club!
The two-headed ogre hits you with a +0 giant spiked club!
5592 ||| INVOKING Spit Poison.
Aiming: Spit Poison (1% risk of failure)
Press: ? - help, Shift-Dir - straight line, f/p - two-headed ogre The splash of poison hits the two-headed ogre!
The two-headed ogre is poisoned.
The two-headed ogre is heavily wounded.
The two-headed ogre hits you with a +0 giant club!!
The two-headed ogre hits you with a +0 giant spiked club!!
You die...

### #######
#<# .......
#.###.......
#..@OK......
#####)......
.......
.......
O..#### .K..


K.K#K ...... You could see a two-headed ogre (poisoned) and a kobold.

Vanquished Creatures
  Pikel (D:6)
  A black bear (D:4)
  An orc warrior (D:7)
  2 ice beasts (D:5)
  An ogre (D:4)
  A centaur (D:7)
  3 phantoms
  Blork the orc (D:5)
  3 kobold brigands
  2 bullfrogs (D:7)
  4 scorpions
  4 wights (D:7)
  2 howler monkeys
  A hound (D:4)
  A jelly (D:4)
  A gnoll bouda (D:5)
  2 orc priests (D:7)
  Jessica (D:3)
  A sleepcap (D:6)
  Ijyb (D:5)
  2 orc wizards (D:7)
  3 iguanas
  Robin (D:4)
  3 gnolls (D:2)
  5 adders
  A river rat (Sewer)
  2 shadow imps
  A white imp (D:6)
  An ufetubus (D:5)
  3 worms
  3 dart slugs
  17 orcs
  10 ball pythons
  4 endoplasms
  4 giant cockroaches
  13 goblins
  6 hobgoblins
  7 jackals
  14 kobolds
  4 quokkas
  3 bats
  2 frilled lizards (D:1)
  7 rats
150 creatures vanquished.

Notes
Turn   | Place    | Note
-------+----------+-------------------------------------------
     0 | D:1      | qw the Naga Hunter began the quest for the Orb.
     0 | D:1      | Reached XP level 1. HP: 19/19 MP: 1/1
     0 | D:1      | 0 ||| qw: Version: 0.2-a-29-g511e9b1
     0 | D:1      | 0 ||| qw: Game counter: 5678
     0 | D:1      | 0 ||| qw: Always use a shield: true
     0 | D:1      | 0 ||| qw: God list: Okawaru
     0 | D:1      | 0 ||| qw: Allow faded altars: false
     0 | D:1      | 0 ||| qw: Do Orc after D:15 true
     0 | D:1      | 0 ||| qw: Do second Lair branch before Depths: true
     0 | D:1      | 0 ||| qw: Lair rune preference: random
     0 | D:1      | 0 ||| qw: Plans: Normal
     0 | D:1      | 0 ||| PLANNING D:1-11
    13 | D:1      | 13 ||| INVOKING Spit Poison.
    44 | D:1      | 44 ||| INVOKING Spit Poison.
    58 | D:1      | 58 ||| INVOKING Spit Poison.
    81 | D:1      | 81 ||| INVOKING Spit Poison.
    88 | D:1      | 88 ||| INVOKING Spit Poison.
    89 | D:1      | Reached skill level 4 in Ranged Weapons
    89 | D:1      | Reached XP level 2. HP: 26/26 MP: 2/2
   101 | D:1      | 101 ||| INVOKING Spit Poison.
   135 | D:1      | 135 ||| INVOKING Spit Poison.
   273 | D:1      | 273 ||| INVOKING Spit Poison.
   327 | D:1      | 327 ||| INVOKING Spit Poison.
   339 | D:1      | 339 ||| INVOKING Spit Poison.
   361 | D:1      | 361 ||| INVOKING Spit Poison.
   367 | D:1      | 367 ||| INVOKING Spit Poison.
   372 | D:1      | 372 ||| INVOKING Spit Poison.
   373 | D:1      | 373 ||| INVOKING Spit Poison.
   545 | D:1      | 545 ||| INVOKING Spit Poison.
   562 | D:1      | 562 ||| INVOKING Spit Poison.
   575 | D:1      | Reached XP level 3. HP: 32/32 MP: 3/3
   584 | D:1      | 584 ||| READING scroll labelled SINOB XEPLUEGG.
   585 | D:1      | 585 ||| READING scroll labelled GORUKIUDUE.
   586 | D:1      | 586 ||| READING scroll labelled XOQEATT ETIL.
   591 | D:1      | 591 ||| DROPPING scroll of butterflies.
   610 | D:2      | 610 ||| INVOKING Spit Poison.
   615 | D:2      | 615 ||| INVOKING Spit Poison.
   620 | D:2      | 620 ||| INVOKING Spit Poison.
   654 | D:2      | 654 ||| FLEEEEING.
   656 | D:2      | 656 ||| STAIRDANCE
   675 | D:2      | 675 ||| INVOKING Spit Poison.
   689 | D:2      | 689 ||| INVOKING Spit Poison.
   690 | D:2      | 690 ||| INVOKING Spit Poison.
   706 | D:2      | 706 ||| INVOKING Spit Poison.
   752 | D:2      | 752 ||| INVOKING Spit Poison.
   765 | D:2      | Reached skill level 5 in Ranged Weapons
   765 | D:2      | Reached XP level 4. HP: 18/39 MP: 4/4
   908 | D:2      | 908 ||| INVOKING Spit Poison.
   909 | D:2      | 909 ||| INVOKING Spit Poison.
   933 | D:2      | 933 ||| INVOKING Spit Poison.
   964 | D:2      | 964 ||| INVOKING Spit Poison.
   973 | D:2      | 973 ||| INVOKING Spit Poison.
  1131 | D:2      | 1131 ||| READING scroll of enchant weapon.
  1131 | D:2      | 1131 ||| ENCHANTING +1 shortbow.
  1142 | D:2      | 1142 ||| READING scroll labelled BADONU BIALYRR.
  1143 | D:2      | 1143 ||| DRINKING 3 lumpy white potions.
  1147 | D:3      | 1147 ||| INVOKING Spit Poison.
  1150 | D:3      | 1150 ||| INVOKING Spit Poison.
  1156 | D:3      | 1156 ||| INVOKING Spit Poison.
  1159 | D:3      | 1159 ||| INVOKING Spit Poison.
  1179 | D:3      | 1179 ||| INVOKING Spit Poison.
  1202 | D:3      | 1202 ||| INVOKING Spit Poison.
  1208 | D:3      | 1208 ||| INVOKING Spit Poison.
  1279 | D:3      | 1279 ||| INVOKING Spit Poison.
  1283 | D:3      | Found a shadowy altar of Dithmenos.
  1379 | D:3      | 1379 ||| INVOKING Spit Poison.
  1380 | D:3      | Reached skill level 3 in Fighting
  1462 | D:3      | 1462 ||| INVOKING Spit Poison.
  1465 | D:3      | 1465 ||| INVOKING Spit Poison.
  1541 | D:3      | 1541 ||| INVOKING Spit Poison.
  1545 | D:3      | 1545 ||| INVOKING Spit Poison.
  1546 | D:3      | Noticed Jessica
  1548 | D:3      | Killed Jessica
  1549 | D:3      | Reached XP level 5. HP: 36/49 MP: 5/5
  1550 | D:3      | 1550 ||| INVOKING Spit Poison.
  1554 | D:3      | 1554 ||| INVOKING Spit Poison.
  1558 | D:3      | 1558 ||| INVOKING Spit Poison.
  1595 | D:3      | 1595 ||| INVOKING Spit Poison.
  1658 | D:3      | 1658 ||| INVOKING Spit Poison.
  1692 | D:3      | 1692 ||| UPGRADING to amulet of regeneration.
  1697 | D:3      | 1697 ||| READING 2 scrolls labelled PUXTOM NOTAUMM.
  1698 | D:3      | 1698 ||| READING scroll labelled VISCHO XUHOPLI.
  1699 | D:3      | 1699 ||| DRINKING 2 clear potions.
  1700 | D:3      | 1700 ||| DRINKING 2 lumpy orange potions.
  1701 | D:3      | 1701 ||| DROPPING potion of magic.
  1702 | D:3      | 1702 ||| DROPPING scroll of amnesia.
  1710 | D:4      | 1710 ||| PLANNING SEWER
  1710 | D:4      | 1710 ||| INVOKING Spit Poison.
  1807 | D:4      | 1807 ||| INVOKING Spit Poison.
  1819 | D:4      | 1819 ||| INVOKING Spit Poison.
  1823 | D:4      | 1823 ||| INVOKING Spit Poison.
  1870 | D:4      | Found a glowing drain.
  1871 | D:4      | 1871 ||| UPGRADING to +6 ring of strength.
  1877 | D:4      | 1877 ||| INVOKING Spit Poison.
  1884 | Sewer    | Entered a sewer
  1885 | Sewer    | 1885 ||| INVOKING Spit Poison.
  1887 | Sewer    | Reached skill level 6 in Ranged Weapons
  1890 | Sewer    | Reached XP level 6. HP: 56/56 MP: 6/6
  1942 | Sewer    | 1942 ||| INVOKING Spit Poison.
  1949 | Sewer    | 1949 ||| INVOKING Spit Poison.
  1953 | Sewer    | 1953 ||| INVOKING Spit Poison.
  1956 | Sewer    | 1956 ||| INVOKING Spit Poison.
  1956 | Sewer    | HP: 8/56 [kobold brigand/+1 dagger of venom (7)]
  1957 | Sewer    | 1957 ||| READING 2 scrolls of teleportation.
  1957 | Sewer    | HP: 3/56 [poisoned by a kobold brigand]
  1958 | Sewer    | 1958 ||| DRINKING potion of heal wounds.
  1961 | Sewer    | Found a white marble altar of Elyvilon.
  1962 | Sewer    | HP: 8/57 [poisoned by a kobold brigand]
  1967 | Sewer    | HP: 7/57 [poisoned by a kobold brigand]
  2032 | Sewer    | 2032 ||| INVOKING Spit Poison.
  2038 | Sewer    | 2038 ||| INVOKING Spit Poison.
  2080 | D:4      | 2080 ||| PLANNING D:1-11
  2176 | D:4      | 2176 ||| INVOKING Spit Poison.
  2193 | D:4      | 2193 ||| INVOKING Spit Poison.
  2197 | D:4      | 2197 ||| INVOKING Spit Poison.
  2202 | D:4      | 2202 ||| INVOKING Spit Poison.
  2203 | D:4      | Noticed Robin
  2208 | D:4      | 2208 ||| INVOKING Spit Poison.
  2214 | D:4      | 2214 ||| INVOKING Spit Poison.
  2215 | D:4      | Killed Robin
  2247 | D:4      | 2247 ||| INVOKING Spit Poison.
  2251 | D:4      | 2251 ||| INVOKING Spit Poison.
  2256 | D:4      | 2256 ||| INVOKING Spit Poison.
  2294 | D:4      | 2294 ||| INVOKING Spit Poison.
  2299 | D:4      | 2299 ||| INVOKING Spit Poison.
  2310 | D:4      | 2310 ||| INVOKING Spit Poison.
  2342 | D:4      | 2342 ||| INVOKING Spit Poison.
  2346 | D:4      | 2346 ||| INVOKING Spit Poison.
  2347 | D:4      | Reached XP level 7. HP: 55/66 MP: 7/7
  2488 | D:4      | Found a staircase to the Ecumenical Temple.
  2489 | D:4      | 2489 ||| PLANNING TEMPLE
  2489 | D:4      | 2489 ||| INVOKING Spit Poison.
  2491 | D:4      | 2491 ||| UPGRADING to +0 helmet.
  2496 | D:4      | 2496 ||| DRINKING 2 sedimented pink potions.
  2524 | D:4      | 2524 ||| DROPPING potion of lignification.
  2532 | Temple   | Entered the Ecumenical Temple
  2673 | Temple   | 2673 ||| PLANNING D:1-11
  2708 | D:4      | 2708 ||| INVOKING Spit Poison.
  2722 | D:4      | 2722 ||| INVOKING Spit Poison.
  2728 | D:4      | 2728 ||| INVOKING Spit Poison.
  2733 | D:4      | 2733 ||| INVOKING Spit Poison.
  2736 | D:4      | Reached skill level 7 in Ranged Weapons
  2749 | D:4      | 2749 ||| INVOKING Spit Poison.
  2883 | D:4      | 2883 ||| INVOKING Spit Poison.
  3001 | D:4      | 3001 ||| READING scroll labelled SIUCREMEIX.
  3014 | D:5      | Entered Level 5 of the Dungeon
  3016 | D:5      | 3016 ||| INVOKING Spit Poison.
  3020 | D:5      | 3020 ||| INVOKING Spit Poison.
  3021 | D:5      | 3021 ||| STAIRDANCE
  3191 | D:5      | 3191 ||| INVOKING Spit Poison.
  3193 | D:5      | Reached XP level 8. HP: 73/73 MP: 8/8
  3282 | D:5      | 3282 ||| INVOKING Spit Poison.
  3304 | D:5      | 3304 ||| INVOKING Spit Poison.
  3308 | D:5      | Noticed Ijyb
  3309 | D:5      | 3309 ||| INVOKING Spit Poison.
  3312 | D:5      | 3312 ||| INVOKING Spit Poison.
  3312 | D:5      | Killed Ijyb
  3313 | D:5      | Reached skill level 8 in Ranged Weapons
  3376 | D:5      | 3376 ||| INVOKING Spit Poison.
  3529 | D:5      | 3529 ||| INVOKING Spit Poison.
  3583 | D:5      | 3583 ||| INVOKING Spit Poison.
  3587 | D:5      | 3587 ||| INVOKING Spit Poison.
  3599 | D:5      | 3599 ||| INVOKING Spit Poison.
  3602 | D:5      | 3602 ||| INVOKING Spit Poison.
  3671 | D:5      | Noticed Blork the orc
  3672 | D:5      | 3672 ||| INVOKING Spit Poison.
  3678 | D:5      | 3678 ||| INVOKING Spit Poison.
  3680 | D:5      | Killed Blork the orc
  3768 | D:5      | 3768 ||| UPGRADING to +2 robe of fire resistance.
  3778 | D:5      | 3778 ||| DROPPING +0 leather armour.
  3821 | D:6      | You fall into a shaft and drop 1 floor!
  3831 | D:7      | 3831 ||| INVOKING Spit Poison.
  3856 | D:7      | 3856 ||| INVOKING Spit Poison.
  3859 | D:7      | Reached skill level 9 in Ranged Weapons
  3859 | D:7      | 3859 ||| Stepping ~*~*~tactically~*~*~ (outnumbered).
  3860 | D:7      | 3860 ||| INVOKING Spit Poison.
  3870 | D:7      | 3870 ||| INVOKING Spit Poison.
  3877 | D:7      | 3877 ||| INVOKING Spit Poison.
  3880 | D:7      | Reached skill level 3 in Dodging
  3963 | D:6      | 3963 ||| INVOKING Spit Poison.
  4028 | D:6      | 4028 ||| INVOKING Spit Poison.
  4064 | D:6      | 4064 ||| INVOKING Spit Poison.
  4068 | D:6      | 4068 ||| INVOKING Spit Poison.
  4159 | D:6      | Reached XP level 9. HP: 82/82 MP: 9/9
  4168 | D:6      | Found an iron altar of Okawaru.
  4169 | D:6      | 4169 ||| PLANNING OKAWARU WORSHIP
  4274 | D:6      | Reached skill level 6 in Fighting
  4276 | D:6      | 4276 ||| READING scroll of enchant weapon.
  4276 | D:6      | 4276 ||| ENCHANTING +2 shortbow.
  4297 | D:6      | 4297 ||| READING scroll of enchant armour.
  4297 | D:6      | 4297 ||| ENCHANTING +0 helmet.
  4633 | D:6      | 4633 ||| DROPPING amulet of magic regeneration.
  4662 | D:6      | Became a worshipper of Warmaster Okawaru
  4663 | D:6      | 4663 ||| PLANNING D:1-11
  4740 | D:7      | 4740 ||| Stepping ~*~*~tactically~*~*~ (outnumbered).
  4745 | D:7      | 4745 ||| INVOKING Spit Poison.
  4751 | D:7      | 4751 ||| INVOKING Spit Poison.
  4786 | D:7      | 4786 ||| INVOKING Spit Poison.
  4827 | D:7      | 4827 ||| INVOKING Spit Poison.
  4831 | D:7      | 4831 ||| INVOKING Spit Poison.
  4848 | D:7      | Noticed Pikel
  4849 | D:7      | 4849 ||| INVOKING Spit Poison.
  4853 | D:7      | 4853 ||| Stepping ~*~*~tactically~*~*~ (outnumbered).
  4854 | D:7      | 4854 ||| INVOKING Spit Poison.
  4857 | D:7      | 4857 ||| STAIRDANCE
  4861 | D:6      | 4861 ||| INVOKING Spit Poison.
  4862 | D:6      | Killed Pikel
  4863 | D:6      | Reached skill level 10 in Ranged Weapons
  4986 | D:7      | 4986 ||| Stepping ~*~*~tactically~*~*~ (outnumbered).
  5208 | D:7      | 5208 ||| INVOKING Spit Poison.
  5213 | D:7      | 5213 ||| INVOKING Spit Poison.
  5218 | D:7      | 5218 ||| INVOKING Spit Poison.
  5482 | D:7      | 5482 ||| UPGRADING to +0 cloak.
  5487 | D:7      | 5487 ||| READING scroll labelled ESONWO SOAQEKLETAD.
  5570 | D:8      | 5570 ||| PLANNING OSSUARY
  5575 | D:8      | Noticed a two-headed ogre
  5576 | D:8      | 5576 ||| Stepping ~*~*~tactically~*~*~ (outnumbered).
  5577 | D:8      | 5577 ||| INVOKING Spit Poison.
  5582 | D:8      | 5582 ||| INVOKING Spit Poison.
  5586 | D:8      | 5586 ||| INVOKING Spit Poison.
  5587 | D:8      | Reached skill level 1 in Armour
  5591 | D:8      | 5591 ||| INVOKING Spit Poison.
  5592 | D:8      | 5592 ||| INVOKING Spit Poison.
  5592 | D:8      | HP: 11/85 [two-headed ogre/+0 giant club (26)]
  5592 | D:8      | Mangled by a two-headed ogre

Levels and vault maps discovered:
D:1:      elethiomel_arrival_shortcut, layout_loops_ring
D:2:      layout_basic, minmay_crystal_room
D:3:      layout_rooms, mainiacjoe_overflow_surrounded_room,
          minmay_crystal_water, uniq_jessica
D:4:      layout_basic, temple_green, cheibrodos_sewer_entry_bend, uniq_robin
D:5:      layout_basic, minmay_fractal_squares_gapless_5, uniq_blork_the_orc,
          uniq_eustachio, uniq_ijyb
D:6:      layout_loops_ring, mainiacjoe_overflow_brackets
D:7:      minmay_spotlight, layout_basic, uniq_pikel
D:8:      cheibrodos_ideogram_h, layout_basic, enter_ossuary_3, serial_aquarium,
          aquarium_bridge_square [aquarium_subvault_window,
          aquarium_subvault_window, aquarium_subvault_bridge,
          aquarium_subvault_balcony], aquarium_bridge_square
          [aquarium_subvault_wall, aquarium_subvault_bridge,
          aquarium_subvault_bridge, aquarium_subvault_window],
          aquarium_window_1, aquarium_window_1, aquarium_window_1,
          aquarium_view_2f, kennysheep_generic_room_16
Temple:   nicolae_temple_bog_church

Skill      XL: |  1  2  3  4  5  6  7  8  9 |
---------------+----------------------------+-----
Ranged Weapons | 4 5 6 7 9 10 | 10.2
Fighting       | 3 4 5 6 |  6.8
Dodging        | 2 3 |  3.4
Armour         | 1 |  1.0
Stealth        | |  1.5

Action                     |  1- 3 |  4- 6 |  7- 9 || total
---------------------------+-------+-------+-------++-------
   Fire: Shortbow          |    49 |   137 |   234 ||   420
Ability: Spit Poison       |    22 |    48 |    46 ||   116
    Use: Scroll            |     3 |     5 |     4 ||    12
         Potion            |       |     4 |     1 ||     5
 Armour: Leather armour    |     5 |    17 |     6 ||    28
         Robe              |       |       |    28 ||    28
  Dodge: Dodged            |    10 |    35 |    56 ||   101

Table legend:
 A = Non-vault XP
 B = Vault XP
 C = Vault XP percentage of total XP
 D = Non-vault monster count
 E = Vault monster count
 F = Vault count percentage of total count
                 A         B        C        D         E       F
            +---------+---------+-------+---------+---------+-------
      Total |    2224 |    1703 |  43.4 |     116 |      34 |  22.7
            +---------+---------+-------+---------+---------+-------
        D:1 |      34 |       0 |   0.0 |      22 |       0 |   0.0
        D:2 |      68 |       0 |   0.0 |      11 |       0 |   0.0
        D:3 |      69 |      37 |  34.9 |      20 |       1 |   4.8
        D:4 |     635 |      39 |   5.8 |      23 |      12 |  34.3
        D:5 |     300 |     400 |  57.1 |       8 |       6 |  42.9
        D:6 |     414 |     673 |  61.9 |      12 |       1 |   7.7
        D:7 |     598 |     344 |  36.5 |      15 |       5 |  25.0
        D:8 |     106 |       0 |   0.0 |       5 |       0 |   0.0
      Sewer |       0 |     210 | 100.0 |       0 |       9 | 100.0
            +---------+---------+-------+---------+---------+-------
